 Dungeon Crawl Stone Soup version 0.23.2-1-ga50397a (webtiles) character file.

Game seed: 16352461463333485608

19441 xveg the Whirler (level 13, -15/97 HPs)
             Began as a Halfling Hunter on May 9, 2019.
             Was a Follower of Uskayaw.
             Killed from afar by a wretched star (38 damage)
             ... with an orb of energy
             ... on level 1 of the Abyss.
             The game lasted 00:47:43 (14429 turns).

xveg the Whirler (Halfling Hunter)                 Turns: 14429, Time: 00:47:44

Health: -15/97     AC: 18    Str: 21      XL:     13   Next: 4%
Magic:  17/17      EV: 15    Int:  5 (6)  God:    Uskayaw [*.....]
Gold:   413        SH:  0    Dex: 12      Spells: 17/17 levels left

rFire    + . .     SeeInvis .   b - +9 staff of Olgreb {rPois}
rCold    . . .     Gourm    .   (shield currently unavailable)
rNeg     + . .     Faith    .   I - +4 scale mail {rF+}
rPois    ∞         Spirit   .   v - +1 helmet
rElec    .         Reflect  .   C - +1 cloak
rCorr    .         Harm     .   x - +0 pair of gloves
MR       .....     Rnd*Rage +   (no boots)
Stlth    ..........             (no amulet)
HPRegen  0.26/turn              M - ring of positive energy
MPRegen  0.15/turn              B - ring of flight

@: berserking, very quick
A: small, [berserk 2], [blurry vision 3], [clumsy 2], [deterioration 2], [dopey
2], [frail 3], mutation resistance 1
a: Stomp, Renounce Religion, Evoke Flight


You were on level 1 of the Abyss.
You worshipped Uskayaw.
Uskayaw was noncommittal.
You were hungry.

You visited 2 branches of the dungeon, and saw 13 of its levels.
You visited the Abyss 1 time.
You also visited: Ossuary.

You collected 941 gold pieces.
You spent 528 gold pieces at shops.

Inventory:

Hand Weapons
 a - a +0 triple crossbow
 b - the +9 staff of Olgreb (weapon) {rPois}
   (You found it on level 7 of the Dungeon)

   It protects you from poison.
 q - a +0 arbalest
 s - a +2 hunting sling
 A - a cursed +1 hunting sling
 J - a +0 short sword
 L - a +1 quarterstaff of draining
 R - a +0 fustibalus
Missiles
 e - 247 stones (quivered)
 P - 31 sling bullets
 T - 9 bolts
Armour
 c - a +0 leather armour
 k - a +0 ring mail
 v - a +1 helmet (worn)
 x - a +0 pair of gloves (worn)
 C - a +1 cloak (worn)
 H - the +0 shield of Peek-a-Boo {+Inv rElec rPois Regen+ Dex+3}
   (You bought it in a shop on level 9 of the Dungeon)

   It affects your dexterity (+3).
   It insulates you from electricity.
   It protects you from poison.
   It lets you turn invisible.
   It increases your rate of regeneration.
 I - a +4 scale mail of fire resistance (worn)
Magical Staves
 O - an uncursed staff of poison
Jewellery
 y - a -4 ring of strength
 B - a ring of flight (right hand)
 M - a ring of positive energy (left hand)
 S - an uncursed ring of protection from cold {unknown}
Wands
 d - a wand of clouds (3)
 D - a wand of digging (10)
 K - a wand of random effects (9)
 N - a wand of disintegration (14)
 Q - a wand of paralysis (16)
 U - a wand of iceblast (4)
Scrolls
 g - 8 scrolls of remove curse
 j - 3 scrolls of immolation
 l - 2 scrolls of amnesia
 m - 2 scrolls of teleportation
 n - 2 scrolls of noise
 t - a scroll of torment
 w - 5 scrolls of identify
Potions
 h - 2 potions of curing
 i - a potion of heal wounds
 o - 3 potions of brilliance
 p - a potion of lignification
 r - a potion of haste
 u - 3 potions of flight
 z - a potion of degeneration {unknown}
 E - 2 potions of agility
 F - a potion of mutation {unknown}
 G - a potion of magic {unknown}
Comestibles
 f - 25 rations


   Skills:
 + Level 10.8 Fighting
 * Level 3.9 Staves
 - Level 17.0 Slings
 * Level 3.2 Crossbows
 + Level 0.5(8.2) Throwing
 + Level 8.4 Armour
 + Level 5.2 Dodging
 - Level 3.3 Stealth
 + Level 2.6 Shields
 * Level 2.8 Spellcasting


You had 17 spell levels left.
You didn't know any spells.
Your spell library contained the following spells:

 Spells                   Type           Power        Failure   Level  Hunger
 Animate Skeleton         Necr           N/A          67%         1    ##.....
 Apportation              Tloc           #.....       67%         1    ##.....
 Beastly Appendage        Tmut           #.....       67%         1    ##.....
 Confusing Touch          Hex            #.....       67%         1    ##.....
 Corona                   Hex            #......      67%         1    ##.....
 Flame Tongue             Conj/Fire      #....        67%         1    ##.....
 Summon Small Mammal      Summ           #...         67%         1    ##.....
 Ensorcelled Hibernation  Hex/Ice        #.....       82%         2    ###....
 Sticks to Snakes         Tmut           #.......     82%         2    ###....
 Throw Flame              Conj/Fire      #.....       82%         2    ###....
 Confuse                  Hex            #.......     96%         3    ####...
 Conjure Flame            Conj/Fire      #.......     96%         3    ####...
 Dazzling Spray           Conj/Hex       #.....       96%         3    ####...
 Inner Flame              Hex/Fire       #.......     96%         3    ####...
 Spider Form              Tmut/Pois      #.........   96%         3    ####...
 Tukima's Dance           Hex            #.......     96%         3    ####...
 Ice Form                 Ice/Tmut       #.......     100%        4    #####..
 Sticky Flame             Conj/Fire      #.......     100%        4    #####..
 Blade Hands              Tmut           #.........   100%        5    ######.
 Fireball                 Conj/Fire      #.........   100%        5    ######.


Dungeon Overview and Level Annotations

Branches:
Dungeon (10/15)            Temple (0/1) D:7            Lair (3/6) D:10
 Shoals (0/4) Lair:2
  Snake: Lair:2-4    Spider: Lair:2-4       Orc: D:9-12

Altars:
Hepliaklqana
Makhleb
Ru
Sif Muna
Uskayaw
Wu Jian
The Shining One

Shops:
D:5 }!   D:7 (   D:9 [

Annotations:
D:7 1 runed translucent door
Lair:3 Sonja


Innate Abilities, Weirdness & Mutations

You are small and have problems with some larger weapons.
You are somewhat resistant to further mutation.
[You often lose your temper in combat.]
[Scrolls take you much longer to read.]
[You are very clumsy. (Dex -4)]
[Your body often deteriorates upon taking damage.]
[You are very dopey. (Int -4)]
[You are extremely frail. (-30% HP)]


Message History

You feel yourself moving faster!
You feel mighty!
You hit the wretched star but do no damage.
The wretched star is moderately damaged.
The wretched star glows turbulently.
The orb of energy hits you!
* * * LOW HITPOINT WARNING * * *
Your body deteriorates!
You feel dopey.
You sock the wretched star!
The wretched star is heavily damaged.
Your scale mail prevents you from hitting the wretched star.
The wretched star is heavily damaged.
You sock the wretched star!
The wretched star is heavily damaged.
You completely miss the wretched star.
The wretched star is heavily damaged.
You closely miss the wretched star.
The wretched star is heavily damaged.
The wretched star glows turbulently.
The orb of energy hits you!!!
You die...

. #. # . # ..
.# .###..#
########....#
......*@...#
.#.#...##..#
#(.. .##
#.... #
..#..# ## ..
... . ##.# ##


You could see a wretched star.

Vanquished Creatures
  Erolcha (D:9)
  A hydra (Lair:1)
  2 two-headed ogres
  Joseph (D:7)
  2 black mambas (Lair:3)
  3 spiny frogs
  4 komodo dragons
  A redback zombie (D:8)
  A rime drake (Lair:1)
  2 hellwings (D:7)
  4 merfolk (Lair:2)
  A troll (D:9)
  A hornet (D:10)
  Grinder (D:4)
  5 blink frogs (Lair:1)
  6 hippogriffs
  7 yaks
  2 wyverns (D:10)
  A spriggan (D:7)
  2 basilisks (D:10)
  A hungry ghost (D:10)
  Menkaure (D:7)
  A soldier ant (D:7)
  11 water moccasins
  An acid dragon (D:10)
  3 porcupines
  2 ice beasts
  3 orc warriors
  A sky beast (D:8)
  A necrophage (D:5)
  2 centaurs
  11 wolves (Lair:2)
  2 ogres
  4 crocodiles
  3 bullfrogs
  3 wyvern zombies (D:8)
  A scorpion (D:3)
  8 killer bees (D:7)
  2 electric eels (Lair:3)
  3 crimson imps
  A quasit (D:6)
  4 centaur zombies
  A bullfrog zombie (D:5)
  Crazy Yiuf (D:5)
  A human zombie (Ossuary)
  5 jellies
  5 hounds
  8 orc priests
  A centaur skeleton (D:6)
  10 orc wizards
  2 bullfrog skeletons
  Terence (D:3)
  2 iguanas (D:5)
  17 worker ants
  3 ogre zombies (Ossuary)
  7 mummies (Ossuary)
  A hound skeleton (D:5)
  A worker ant zombie (D:5)
  A gnoll (D:4)
  13 adders
  5 shadow imps
  3 oozes
  4 adder zombies
  An adder skeleton (D:4)
  4 worms
  3 dart slugs
  2 leopard geckos
  37 orcs
  2 giant cockroaches
  6 goblins
  12 hobgoblins
  11 jackals
  12 kobolds
  6 quokkas
  3 ball pythons
  7 bats
  6 frilled lizards
  A gnoll zombie (Ossuary)
  3 goblin zombies (Ossuary)
  5 hobgoblin zombies (Ossuary)
  A jackal zombie (D:9)
  2 kobold zombies (Ossuary)
  A leopard gecko zombie (D:6)
  5 quokka zombies (Ossuary)
  6 rats
  5 rat zombies (Ossuary)
  2 fungi (Lair:1)
352 creatures vanquished.

Vanquished Creatures (others)
  A porcupine (Lair:3)
  5 fungi (Lair:3)
6 creatures vanquished.

Grand Total: 358 creatures vanquished

Notes
Turn   | Place    | Note
-------+----------+-------------------------------------------
     0 | D:1      | xveg the Halfling Hunter began the quest for the Orb.
     0 | D:1      | Reached XP level 1. HP: 14/14 MP: 1/1
    37 | D:1      | Reached skill level 6 in Slings
    74 | D:1      | Reached XP level 2. HP: 19/19 MP: 2/2
   201 | D:1      | Reached XP level 3. HP: 24/24 MP: 3/3
   382 | D:1      | Reached skill level 7 in Slings
   622 | D:2      | Reached XP level 4. HP: 29/29 MP: 4/4
   843 | D:2      | Reached skill level 8 in Slings
  1131 | D:2      | Found a hazy altar of Hepliaklqana.
  1131 | D:2      | Found a deep blue altar of Sif Muna.
  1416 | D:3      | Reached XP level 5. HP: 35/35 MP: 5/5
  1458 | D:3      | Found a glowing golden altar of the Shining One.
  1562 | D:3      | Noticed Terence
  1577 | D:3      | Killed Terence
  1577 | D:3      | Reached skill level 9 in Slings
  1603 | D:3      | Reached XP level 6. HP: 18/41 MP: 6/6
  1613 | D:3      | Reached skill level 1 in Armour
  2024 | D:3      | Reached skill level 10 in Slings
  2346 | D:4      | Noticed Grinder
  2360 | D:4      | Killed Grinder
  2360 | D:4      | Reached XP level 7. HP: 46/46 MP: 7/7
  2582 | D:4      | Reached skill level 11 in Slings
  3320 | D:5      | Entered Level 5 of the Dungeon
  3328 | D:5      | Reached XP level 8. HP: 51/52 MP: 8/8
  3458 | D:5      | Found a hide-covered altar of Uskayaw.
  3493 | D:5      | Became a worshipper of Uskayaw the Reveler
  3540 | D:5      | Reached * piety under Uskayaw
  3553 | D:5      | Reached ** piety under Uskayaw
  3558 | D:5      | Reached *** piety under Uskayaw
  3645 | D:5      | Reached skill level 12 in Slings
  3739 | D:5      | Found Xaisas's Distillery.
  3810 | D:5      | Found Ynwa's Gadget Emporium.
  3935 | D:5      | Found a runed translucent door.
  3936 | D:5      | Noticed Crazy Yiuf
  4065 | D:5      | Killed Crazy Yiuf
  4115 | D:6      | Found a sand-covered staircase.
  4152 | D:6      | Reached **** piety under Uskayaw
  4256 | Ossuary  | Entered an ossuary
  4461 | Ossuary  | Reached XP level 9. HP: 60/60 MP: 9/9
  4520 | Ossuary  | Reached skill level 5 in Fighting
  4898 | D:6      | Reached skill level 13 in Slings
  4949 | D:6      | Noticed a two-headed ogre
  4964 | D:6      | Killed a two-headed ogre
  5559 | D:7      | Found an ornate altar of the Wu Jian Council.
  5571 | D:7      | Found the +9 staff of Olgreb {rPois}
  5581 | D:7      | Found a runed translucent gate.
  5581 | D:7      | Found a runed translucent gate.
  5582 | D:7      | Found a runed translucent door.
  5590 | D:7      | Found Huowelyn's Weapon Boutique.
  5600 | D:7      | Noticed Joseph
  5619 | D:7      | Killed Joseph
  5619 | D:7      | Reached skill level 14 in Slings
  5619 | D:7      | Reached XP level 10. HP: 20/69 MP: 10/10
  5714 | D:7      | Found a staircase to the Ecumenical Temple.
  5717 | D:7      | Noticed Menkaure
  5724 | D:7      | Killed Menkaure
  6084 | D:7      | Reached skill level 5 in Armour
  6256 | D:7      | Found a sacrificial altar of Ru.
  6300 | D:7      | Found a runed translucent gate.
  6301 | D:7      | Found a runed translucent door.
  7085 | D:8      | Reached ***** piety under Uskayaw
  7095 | D:8      | Reached skill level 15 in Slings
  7245 | D:8      | Reached skill level 1 in Staves
  7338 | D:8      | Noticed a two-headed ogre
  7351 | D:8      | Killed a two-headed ogre
  7351 | D:8      | Reached XP level 11. HP: 57/78 MP: 11/11
  7497 | D:8      | Found a burning altar of Makhleb.
  7595 | D:9      | Noticed Erolcha
  7608 | D:9      | Killed Erolcha
  7855 | D:9      | Found Pyqaffec's Antique Armour Emporium.
  7858 | D:9      | Bought a spiked shield for 304 gold pieces
  7858 | D:9      | Bought a glowing scale mail for 224 gold pieces
  7863 | D:9      | Identified the cursed +0 shield of Peek-a-Boo {+Inv rElec
                  | rPois Regen+ Dex+3} (You bought it in a shop on level 9 of
                  | the Dungeon)
  8322 | D:7      | Reached skill level 16 in Slings
  8447 | D:7      | Reached ****** piety under Uskayaw
  8572 | D:7      | Reached skill level 1 in Shields
  8647 | D:10     | Entered Level 10 of the Dungeon
  8932 | D:10     | Paralysed by a hornet for 3 turns
  9541 | D:10     | Reached skill level 10 in Fighting
  9653 | D:10     | Found a staircase to the Lair.
  9775 | Lair:1   | Entered Level 1 of the Lair of Beasts
  9789 | Lair:1   | Reached XP level 12. HP: 77/87 MP: 12/12
 10513 | Lair:1   | Noticed a seven-headed hydra
 10523 | Lair:1   | Killed a seven-headed hydra
 10523 | Lair:1   | Reached skill level 5 in Dodging
 10523 | Lair:1   | Reached skill level 1 in Spellcasting
 12076 | Lair:2   | Found a staircase to the Shoals.
 13372 | Lair:3   | Noticed Sonja
 13377 | Lair:3   | Found a gate leading to a gauntlet.
 13651 | Lair:3   | Reached skill level 17 in Slings
 13711 | Lair:3   | Reached skill level 1 in Crossbows
 13929 | Lair:3   | Reached XP level 13. HP: 39/94 MP: 17/17
 14388 | Lair:3   | Cast into level 1 of the Abyss (Sonja)
 14429 | Abyss:1  | Killed from afar by a wretched star

Skill      XL: |  1  2  3  4  5  6  7  8  9 10 11 12 13 |
---------------+----------------------------------------+-----
Slings         | 6 7 8 9 10 11 12 14 15 16 17 | 17.0
Fighting       | 2 3 4 6 8 10 | 10.8
Armour         | 2 3 4 5 7 8 |  8.4
Dodging        | 3 4 5 |  5.2
Stealth        | 2 3 |  3.3
Staves         | 1 3 |  3.9
Shields        | 2 |  2.6
Spellcasting   | 2 |  2.8
Crossbows      | 2 3 |  3.2
Throwing       | |  0.5

Action                   |  1- 3 |  4- 6 |  7- 9 | 10-12 | 13-15 || total
-------------------------+-------+-------+-------+-------+-------++-------
Melee: Quarterstaff      |       |       |       |     7 |       ||     7
       Staff             |       |       |       |    98 |    31 ||   129
 Fire: Hunting sling     |    71 |   155 |   469 |    14 |       ||   709
       Fustibalus        |       |       |    19 |   884 |       ||   903
       Triple crossbow   |       |       |       |    36 |    13 ||    49
Throw: Stone             |       |       |       |     5 |       ||     5
Evoke: Wand              |       |       |       |     1 |       ||     1
       Staff of Olgreb   |       |       |       |     1 |       ||     1
  Use: Scroll            |       |       |    10 |    16 |       ||    26
       Potion            |       |       |       |    20 |     1 ||    21
 Stab: Paralysed         |       |       |       |     4 |       ||     4
  Eat: Chunk             |       |     3 |     3 |     1 |       ||     7
       Ration            |       |       |     2 |     8 |       ||    10
Armor: Ring mail         |       |     4 |    20 |    40 |       ||    64
       Scale mail        |       |       |       |   182 |    14 ||   196
Dodge: Dodged            |    12 |    12 |    73 |   411 |    22 ||   530
Block: Shield            |       |       |       |    81 |       ||    81
